 Dungeon Crawl Stone Soup version 0.31-a0-538-gbc85326fa9 (webtiles) character file.

Game seed: 12829244360250365684

27 Jackthecabe the Scratcher (level 2, -3/12 HPs)
             Began as a Felid Chaos Knight on Aug 13, 2023.
             Was a Plaything of Xom.
             Succumbed to barbed spike wounds
             ... on level 2 of the Dungeon.
             The game lasted 00:05:36 (1055 turns).

Jackthecabe the Scratcher (Felid Chaos Knight)      Turns: 1055, Time: 00:05:37

Health: -3/12      AC:  5    Str:  8    XL:     2   Next: 93%
Magic:  3/3        EV: 17    Int: 13    God:    Xom [*.....]
Gold:   43         SH:  0    Dex: 15    Spells: 1/1 levels left
                                        Lives:  0   Deaths: 0

rFire   . .          .
                       - Unarmed
rCold   . . .        (shield unavailable)
rNeg    . . .        (body armour unavailable)
rPois   .            (helmet unavailable)
rElec   .            (cloak unavailable)
rCorr   .            (gloves unavailable)
SInv    +            (boots unavailable)
Will    .....        (no amulet)
Stlth   ++           T - +4 ring of protection
HPRegen 0.22/turn    (no ring)
MPRegen 0.08/turn

%: no passive effects
@: spiked, quick
A: very small, claws 1, fangs 3, see invisible, speed 1, shaggy fur 1, stealthy
paws, no weapons or thrown items, no armour, multi-lived, frail 1
a: Renounce Religion


You were on level 2 of the Dungeon.
You worshipped Xom.
You were a special plaything of Xom.
You visited 1 branch of the dungeon, and saw 2 of its levels.

You collected 43 gold pieces.


Innate Abilities, Weirdness & Mutations

You have sharp claws.
You have razor-sharp teeth.
You have supernaturally acute eyesight. (SInv)
You cover ground quickly. (Speed+)
You are covered in fur. (AC +1)
Your paws help you pounce on unaware monsters.
You are incapable of wielding weapons or throwing items.
You cannot wear armour.
You gain extra lives every three experience levels.
You are frail. (-10% HP)


   Skills:
 - Level 3.0 Fighting
 - Level 3.2 Dodging
 - Level 2.0 Stealth
 + Level 3.8 Unarmed Combat


You had one spell level left.
You didn't know any spells.
Your spell library was empty.

Inventory:

Jewellery
 T - a +4 ring of protection (left paw)
Scrolls
 a - a scroll of butterflies
 c - a scroll of poison {unknown}
 d - a scroll of vulnerability {unknown}
 f - 2 scrolls of teleportation {unknown}
 j - a scroll of enchant armour {unknown}
Potions
 b - a potion of lignification {unknown}
 e - a potion of heal wounds {@q2}
 g - a potion of berserk rage {unknown}
 h - a potion of attraction {unknown}
 i - a potion of resistance {unknown}

Dungeon Overview and Level Annotations

Branches:
Dungeon (2/15)

Altars:

Annotations:
D:1 exclusion: kobold

.......>####.#
.# # .######.#
#.# .# # #.#
#.# .# # #.#
#..
######.########
#..............
#.####.#######.
#.# #.# #@# #.#
#.# #.# #.# #.#
#.# #.# #4# #.#
#.# #.# ..#
....


You could see a red devil (summoned).


Message History

Barbed spikes become lodged in your body.
You scratch the ufetubus.
You kill the ufetubus!
The ufetubus disappears in a puff of smoke!
The red devil barely misses you.
Unknown command.
Okay, then.
The barbed spikes dig painfully into your body as you move.
* * * LOW HITPOINT WARNING * * *
The red devil misses your butterfly.
Unknown command.
The red devil misses your butterfly.
The red devil hits your butterfly with a +0 trident!!
Your butterfly dies!
Your butterfly disappears in a puff of smoke!
Unknown command.
Okay, then.
It was a potion of heal wounds.
You feel much better.
Xom is highly amused!
The red devil misses you.
The barbed spikes dig painfully into your body as you move.
Unknown command.
The barbed spikes dig painfully into your body as you move.
* * * LOW HITPOINT WARNING * * *
Your butterfly disappears in a puff of smoke!
Unknown command.
The barbed spikes dig painfully into your body as you move.
Ouch! That really hurt!
You die...
Xom guffaws!

Skill      XL: |  1 |
---------------+----+-----
Stealth        | 2 |  2.0
Fighting       | |  3.0
Dodging        | |  3.2
Unarmed Combat | |  3.8

Action                     || total
---------------------------++-------
  Melee: Unarmed           ||    67
         Bite              ||     3
    Use: Potion            ||     1
   Stab: Sleeping          ||     5
 Armour: Skin              ||    12
  Dodge: Dodged            ||    58

Levels and vault maps discovered:
D:1:      minmay_arrival_five_plusses, layout_loops_ring,
          hellmonk_ecumenical_altar_defaced_shrine, st_stairs_8
D:2:      minmay_angry_zag, layout_basic, serial_rivers,
          chequers_serial_rivers_small_b, chequers_serial_rivers_small_3,
          chequers_serial_rivers_room_a, chequers_serial_rivers_small_b,
          chequers_serial_rivers_marsh, uniq_terence

Notes
Turn   | Place    | Note
-------+----------+-------------------------------------------
     0 | D:1      | Jackthecabe the Felid Chaos Knight began the quest for the
                  | Orb.
     0 | D:1      | Reached XP level 1. HP: 10/10 MP: 2/2
    26 | D:1      | XOM: silly message
   218 | D:1      | Reached skill level 1 in Stealth
   298 | D:1      | Reached skill level 2 in Stealth
   337 | D:1      | XOM: 3-stop teleportation journey
   356 | D:1      | Reached XP level 2. HP: 14/14 MP: 3/3
   482 | D:1      | Found a faded altar of an unknown god.
   570 | D:1      | XOM: divination: magic mapping
   608 | D:1      | XOM: chaos cloud
   609 | D:1      | Paralysed by you for 3 turns
   612 | D:1      | XOM: 1-stop teleportation journey
   964 | D:1      | XOM: give mutation
   964 | D:1      | Gained mutation: You are frail. (-10% HP) [Xom's mischief]
  1039 | D:2      | XOM: summons 2 hostile demons
  1040 | D:2      | Noticed a red devil
  1043 | D:2      | XOM: butterfly on damage
  1048 | D:2      | HP: 1/12 [barbs]
  1055 | D:2      | Succumbed to barbed spike wounds

Vanquished Creatures
  3 endoplasms (D:1)
  3 giant cockroaches (D:1)
  A goblin (D:1)
  5 hobgoblins
  A ball python (D:1)
  2 bats (D:1)
  A frilled lizard (D:1)
  3 kobolds (D:1)
  6 rats (D:1)
25 creatures vanquished.

Table legend: (Time is in decaauts)
 A = Elapsed time spent in this place.
 B = Non-inter-level travel time spent in this place.
 C = Inter-level travel time spent in this place.
 D = Time resting spent in this place.
 E = Time spent auto-exploring this place.
 F = Levels seen in this place.
 G = Mean time per level.
                   A        B        C        D        E       F      G
               +--------+--------+--------+--------+--------+-----+--------+
         Total |    865 |    839 |     26 |      1 |    593 |   2 |  432.5 |
       Dungeon |    865 |    839 |     26 |      1 |    593 |   2 |  432.5 |
               +--------+--------+--------+--------+--------+-----+--------+

Top non-repeatable levels by time:
     D:1: 801 daAuts
     D:2: 64 daAuts

Table legend:
 A = Non-vault XP
 B = Vault XP
 C = Vault XP percentage of total XP
 D = Non-vault monster count
 E = Vault monster count
 F = Vault count percentage of total count
                 A         B        C        D         E       F
            +---------+---------+-------+---------+---------+-------
      Total |      33 |       6 |  15.4 |      21 |       4 |  16.0
            +---------+---------+-------+---------+---------+-------
        D:1 |      31 |       6 |  16.2 |      20 |       4 |  16.7
        D:2 |       2 |       0 |   0.0 |       1 |       0 |   0.0
            +---------+---------+-------+---------+---------+-------
